 Dungeon Crawl Stone Soup version 0.31-a0-636-ge1c0e020e0 (webtiles) character file.

Game seed: 6777599607088933842

338 rvierbuc the Chopper (level 6, -2/62 HPs)
             Began as an Ogre Gladiator on Aug 27, 2023.
             Killed from afar by an orc wizard (4 damage)
             ... with a puff of flame
             ... on level 5 of the Dungeon.
             The game lasted 00:08:31 (3680 turns).

rvierbuc the Chopper (Ogre Gladiator)               Turns: 3680, Time: 00:08:34

Health: -2/62      AC:  3    Str: 19    XL:     6   Next: 55%
Magic:  9/9        EV: 11    Int: 11    God:
Gold:   185        SH:  0    Dex: 16    Spells: 8/9 levels left

rFire   . . .        a - +0 war axe
rCold   x . .        (no shield)
rNeg    . . .        b - +0 robe
rPois   .            c - +0 hat
rElec   +            v - scarf {repulsion}
rCorr   .            (gloves unavailable)
SInv    .            (boots unavailable)
Will    +....        s - amulet of Leaneck {RegenMP Fly rElec rC- Slay+5}
Stlth   ++           h - +6 ring of dexterity
HPRegen 0.30/turn    k - ring of wizardry
MPRegen 0.51/turn

%: repel missiles, wizardry (x1)
@: lethally poisoned (-2 -> -6), enlightened, flying
A: large, unfitting armour, tough skin 1
a: no special abilities


You were on level 5 of the Dungeon.
You visited 1 branch of the dungeon, and saw 5 of its levels.

You collected 185 gold pieces.

Inventory:

Hand Weapons
 a - a +0 war axe (weapon)
Missiles
 d - 3 throwing nets
 e - a large rock
 n - 7 atropa-tipped darts
Armour
 b - a +0 robe (worn)
 c - a +0 hat (worn)
 f - a +0 pair of boots
 v - a scarf of repulsion (worn)
Jewellery
 h - a +6 ring of dexterity (left hand)
 k - a ring of wizardry (right hand)
 s - the amulet of Leaneck (around neck) {RegenMP Fly rElec rC- Slay+5}
   (You found it on level 3 of the Dungeon)

   [amulet of magic regeneration]

   RegenMP:   It increases your rate of magic regeneration.
   Slay+5:    It affects your accuracy & damage with ranged weapons and melee
   (+5).
   rC-:       It makes you vulnerable to cold.
   rElec:     It insulates you from electricity.
   Fly:       It grants you flight.
 y - a ring of poison resistance
 D - an amulet of faith
Talismans
 C - a serpent talisman
Scrolls
 g - a scroll of noise {unknown}
 i - a scroll of fear {unknown}
 j - 2 scrolls of fog {unknown}
 l - a scroll of enchant armour {unknown}
 m - 5 scrolls of identify {unknown}
 r - a scroll of poison {unknown}
 u - 2 scrolls of teleportation {unknown}
 B - a scroll of vulnerability {unknown}
Potions
 o - a potion of resistance {unknown}
 p - a potion of enlightenment
 q - a potion of berserk rage {unknown}
 t - a potion of mutation {unknown}
 w - 4 potions of brilliance {unknown}
 x - a potion of haste {unknown}
 z - a potion of cancellation {unknown}
 A - a potion of curing {unknown}


   Skills:
 + Level 4.0 Fighting
 + Level 5.3 Axes
 + Level 2.2 Throwing
 + Level 3.6 Dodging
 + Level 0.5 Stealth
 + Level 2.0 Spellcasting
 + Level 1.0 Necromancy


You had 8 spell levels left.
You knew the following spells:

 Your Spells              Type           Power      Damage    Failure   Level
a - Necrotise             Necr           12%        1d4       8%          1

Your spell library contained the following spells:

 Spells                   Type           Power      Damage    Failure   Level
 Freeze                   Ice            4%         1d3       12%         1
 Blink                    Tloc           2%         N/A       17%         2
 Ensorcelled Hibernation  Hex/Ice        2%         N/A       17%         2
 Lesser Beckoning         Tloc           2%         N/A       17%         2
 Momentum Strike          Conj/Tloc      2%         3d8       17%         2
 Passwall                 Tmut/Erth      0%         N/A       17%         2
 Vampiric Draining        Necr           3%         2d6       22%         3
 Frozen Ramparts          Ice            2%         1d1       32%         3
 Hailstorm                Conj/Ice       1%         3d3       32%         3
 Portal Projectile        Hex/Tloc       2%         N/A       32%         3
 Stone Arrow              Conj/Erth      2%         3d7       32%         3
 Swiftness                Air            1%         N/A       32%         3
 Anguish                  Hex/Necr       1%         N/A       65%         4
 Agony                    Necr           3%         N/A       88%         5


Dungeon Overview and Level Annotations

Branches:
Dungeon (5/15)             Temple (0/1) D:4

Altars:
Elyvilon
Nemelex Xobeh
Sif Muna


Innate Abilities, Weirdness & Mutations

You are too large for most types of armour.
You have tough skin. (AC +1)


Message History

The orc priest completely misses you.
The orc priest invokes the aid of Beogh against you.
Beogh smites you!
You hit the orc priest.
You kill the orc priest!
Your Spellcasting skill increases to level 2!
Your Necromancy skill increases to level 1!
You slash something!
You hear some strange, mumbled words.
A magic dart appears from out of thin air!
The magic dart hits you.
You slash something!
You hear the slow hiss of a very distant avalanche of sand.
Something hits you.
You are poisoned.
You slash something!
Reactivating autopickup.
You feel a bit more experienced.
You feel very sick.
Your Fighting skill increases to level 4!
Deactivating autopickup; reactivate with Ctrl-A.
You hit something.
You feel sick. Something hits you but does no damage.
The orc hits you from afar with a +0 trident.
* * * LOW HITPOINT WARNING * * *
Something hits you.
* * * LOW HITPOINT WARNING * * *
The orc hits you from afar with a +0 trident.
* * * LOW HITPOINT WARNING * * *
You miss something.
* * * LOW HITPOINT WARNING * * *
You feel sick. The orc misses you. Something hits you.
* * * LOW HITPOINT WARNING * * *
It was a potion of enlightenment.
You feel more buoyant.
* * * LOW HITPOINT WARNING * * *
You feel sick.
You hear some strange, mumbled words.
A puff of flame appears from out of thin air!
The puff of flame hits you.
You die...

.. ##. ... ...
#.# #o# # #{#
# #@# . #.# #
#.# ## #.#
#########. #.#
#......#.# #.#
###.####..##
#.#
#...####.#.#
#.#
##.#...##.##.
#.#
##......##.##.


You could see an orc.

Vanquished Creatures
  An orc priest (D:5)
  Natasha (thrice) (D:4)
  3 orc wizards
  4 adders
  6 worms
  2 dart slugs
  5 orcs
  9 ball pythons
  7 endoplasms
  7 giant cockroaches
  7 goblins
  7 hobgoblins
  7 jackals (D:1)
  A quokka (D:1)
  7 bats
  11 frilled lizards
  9 kobolds
  4 rats
100 creatures vanquished.

Notes
Turn   | Place    | Note
-------+----------+-------------------------------------------
     0 | D:1      | rvierbuc the Ogre Gladiator began the quest for the Orb.
     0 | D:1      | Reached XP level 1. HP: 22/22 MP: 1/1
    95 | D:1      | Reached XP level 2. HP: 28/29 MP: 2/2
   238 | D:1      | Reached XP level 3. HP: 37/37 MP: 3/3
   860 | D:2      | Learned a level 1 spell: Necrotise
   905 | D:2      | Reached XP level 4. HP: 36/45 MP: 4/4
  1193 | D:2      | Reached skill level 4 in Axes
  1749 | D:3      | Identified the amulet of Leaneck {RegenMP Fly rElec rC-
                  | Slay+5}
  2092 | D:3      | Reached skill level 1 in Spellcasting
  2092 | D:3      | Reached XP level 5. HP: 46/53 MP: 4/6
  2516 | D:3      | Found a faded altar of an unknown god.
  2520 | D:3      | Found a shimmering blue altar of Sif Muna.
  2695 | D:4      | Noticed Natasha
  2700 | D:4      | Killed Natasha
  2819 | D:4      | Identified the +11 short sword "Zefebocw" {protect, Drain
                  | rElec rPois rF++}
  2938 | D:4      | Found a staircase to the Ecumenical Temple.
  3000 | D:4      | Noticed Natasha
  3010 | D:4      | Killed Natasha
  3011 | D:4      | Reached XP level 6. HP: 39/62 MP: 8/8
  3092 | D:4      | Got the Incunable of Glamour and Topomancy
  3297 | D:4      | Noticed Natasha
  3304 | D:4      | Killed Natasha
  3305 | D:4      | Reached skill level 5 in Axes
  3468 | D:4      | Found a white marble altar of Elyvilon.
  3469 | D:4      | Found a sparkling altar of Nemelex Xobeh.
  3629 | D:5      | Entered Level 5 of the Dungeon
  3675 | D:5      | Reached skill level 1 in Necromancy
  3679 | D:5      | HP: 2/62 [something (2)]
  3680 | D:5      | Killed from afar by an orc wizard

Illustrated notes

Levels and vault maps discovered:
D:1:      mrwooster_arrival_statue_3, layout_basic, minmay_worlds_worst_comb
D:2:      layout_loops_ring, minmay_lizard_king
D:3:      layout_loops_ring, nicolae_overflow_ecumenical_swirl,
          minmay_fractal_squares_gapless_5
D:4:      layout_basic, gammafunk_temple_overflow_pools,
          minmay_temple_entry_enclosed_plants, uniq_natasha
D:5:      layout_loops_cross, lightli_ossuary_entry_decrepit_ruins,
          serial_undead, serial_undead_f, serial_undead_d, serial_undead_d,
          serial_undead_b, grunt_tough_drop, uniq_edmund

Skill      XL: |  1  2  3  4  5  6 |
---------------+-------------------+-----
Fighting       | 3 4 |  4.0
Dodging        | 3 |  3.6
Axes           | 4 5 |  5.3
Spellcasting   | 1 2 |  2.0
Necromancy     | 1 |  1.0
Throwing       | |  2.2
Stealth        | |  0.5

Action                     |  1- 3 |  4- 6 || total
---------------------------+-------+-------++-------
  Melee: War axe           |   113 |   134 ||   247
         Punch             |     1 |     2 ||     3
  Throw: Throwing net      |     1 |       ||     1
   Cast: Necrotise         |       |    39 ||    39
    Use: Potion            |       |     1 ||     1
   Stab: Held in net/web   |     2 |       ||     2
         Sleeping          |       |     1 ||     1
 Armour: Robe              |    56 |    32 ||    88
  Dodge: Dodged            |    78 |    66 ||   144
         Repelled          |       |     2 ||     2

Table legend: (Time is in decaauts)
 A = Elapsed time spent in this place.
 B = Non-inter-level travel time spent in this place.
 C = Inter-level travel time spent in this place.
 D = Time resting spent in this place.
 E = Time spent auto-exploring this place.
 F = Levels seen in this place.
 G = Mean time per level.
                   A        B        C        D        E       F      G
               +--------+--------+--------+--------+--------+-----+--------+
         Total |   3751 |   3630 |    121 |      0 |   2960 |   5 |  750.2 |
       Dungeon |   3751 |   3630 |    121 |      0 |   2960 |   5 |  750.2 |
               +--------+--------+--------+--------+--------+-----+--------+

Top non-repeatable levels by time:
     D:4: 1053 daAuts
     D:2: 933 daAuts
     D:3: 887 daAuts
     D:1: 822 daAuts
     D:5: 54 daAuts
